 Dungeon Sprint DCSS version 0.21-a0-94-gdd6ab6a (webtiles) character file.

0 poirepourri the Sneak (level 1, -1/13 HPs)
             Began as a Spriggan Enchanter on July 1, 2017.
             Was an Initiate of Dithmenos.
             Slain by an adder (4 damage)
             ... in the Dungeon (Sprint VI: "Thunderdome").
             The game lasted 00:00:59 (95 turns).

poirepourri the Sneak (Spriggan Enchanter)            Turns: 95, Time: 00:01:00

Health: -1/13      AC:  2    Str:  9    XL:     1   Next: 8%
Magic:  12/14      EV: 18    Int: 19    God:    Dithmenos [......]
Gold:   20         SH:  0    Dex: 16    Spells: 4/5 levels left

rFire    . . .     SeeInvis +   a - +1 dagger
rCold    + . .     Gourm    .   (shield restricted)
rNeg     . . .     Faith    .   b - +0 robe
rPois    +         Spirit   .   (helmet restricted)
rElec    .         Reflect  .   (no cloak)
rCorr    .         Harm     +   (gloves unavailable)
MR       .....     NoTele   +   (boots unavailable)
Stlth    ..........             q - amulet "Semokku" {Harm *Drain MP+9 Int+3 Stlth+}
HPRegen  0.04/turn              o - ring of Sarusa {SInv Stlth+}
MPRegen  0.14/turn              p - ring "Ynibiur" {rPois rC+}

@: berserking, very quick
A: unfitting armour, see invisible, herbivore 3, speed 3, slow metabolism 2
a: Renounce Religion


You were in the Dungeon.
You worshipped Dithmenos.
Dithmenos was noncommittal.
You were not hungry.

You visited 1 branch You collected 200 gold pieces.
You spent 180 gold pieces at shops.

Inventory:

Hand Weapons
 a - a +1 dagger (weapon)
Armour
 b - a +0 robe (worn)
Jewellery
 o - the ring of Sarusa (left hand) {SInv Stlth+}
   (You bought it in a shop in the Dungeon)

   [ring of see invisible]

   It lets you see invisible.
   It makes you more stealthy.
 p - the ring "Ynibiur" (right hand) {rPois rC+}
   (You bought it in a shop in the Dungeon)

   [ring of protection from cold]

   It protects you from cold.
   It protects you from poison.
 q - the amulet "Semokku" (around neck) {Harm *Drain MP+9 Int+3 Stlth+}
   (You bought it in a shop in the Dungeon)

   [amulet of harm]

   It increases damage dealt and taken.
   It affects your intelligence (+3).
   It affects your magic capacity (+9).
   It causes draining when unequipped.
   It makes you more stealthy.
 r - the ring "Zidinaip" {rElec MP-9 Int+2 Dex+6 Stlth-}
   (You bought it in a shop in the Dungeon)

   [ring of loudness]

   It affects your intelligence (+2).
   It affects your dexterity (+6).
   It insulates you from electricity.
   It affects your magic capacity (-9).
   It makes you less stealthy.
Wands
 l - a wand of acid (5/15)
 m - a wand of iceblast (5/15)
Scrolls
 j - 4 scrolls of blinking
 n - 3 scrolls of fog
Potions
 f - 4 potions of heal wounds
 g - 4 potions of haste
 h - 2 potions of magic
 k - a potion of resistance
Books
 c - a book of Maledictions

   Spells                             Type                      Level
   a - Corona                         Hexes                        1
   b - Ensorcelled Hibernation        Hexes/Ice                    2
   c - Confuse                        Hexes                        3
   d - Tukima's Dance                 Hexes                        3
   e - Dazzling Spray                 Conjuration/Hexes            3
Comestibles
 d - a bread ration


   Skills:
 + Level 1.1 Short Blades
 + Level 3.1 Dodging
 + Level 4.6 Stealth
 + Level 2.8 Spellcasting
 + Level 3.8 Hexes


You had 4 spell levels left.
You knew the following spells:

 Your Spells              Type           Power        Failure   Level  Hunger
a - Corona                Hex            ###....      3%          1    None


Dungeon Overview and Level Annotations

Branches:
Dungeon (1/1)

Altars:
Cheibriados
Dithmenos
Gozag
Kikubaaqudgha
Makhleb
Okawaru
Qazlal
Ru
Sif Muna
Trog
Vehumet
Xom
Yredelemnul
Zin
The Shining One
Lugonu

Shops:
D *[%?**[(


Innate Abilities, Weirdness & Mutations

You are very small and have problems with some larger weapons.
You are too small for most types of armour.
You have supernaturally acute eyesight. (SInv)
You are a herbivore.
You cover ground extremely quickly.
You need consume almost no food.


Message History

The adder completely misses you. The adder bites you.
You barely miss the adder.
The adder is moderately wounded.
The adder closely misses you.
You closely miss the adder.
The adder is moderately wounded.
The adder bites you.
You hit the adder.
The adder is heavily wounded.
The adder bites you.
* * * LOW HITPOINT WARNING * * *
A ball python comes into view.
The ball python hisses angrily.
You hit the adder but do no damage.
The adder is heavily wounded.
The adder misses you. The adder closely misses you.
Okay, then.
A red film seems to cover your vision as you go berserk!
You feel yourself moving faster!
You feel mighty! The adder bites you.
You die...

#.............###......
⌠..........###...# .......
⌠..........# #.<.# .......
⌠..........###...###.......
#.............###..........
###∩.......S8.# #.8........
##∩___......###......___
######.8.........8.#
#⌠.....S@....⌠#
###.........### #_......._#
#_......._# #_........#
#∩.......∩# ##∩.....∩##
##.....## ##⌠⌠⌠##


You could see an adder and a ball python.

Vanquished Creatures
  A ball python (D)
1 creature vanquished.

Notes
Turn   | Place    | Note
-------+----------+-------------------------------------------
     0 | D        | poirepourri the Spriggan Enchanter began the quest for the Orb.
     0 | D        | Reached XP level 1. HP: 9/9 MP: 5/5
     4 | D        | Found a corrupted altar of Lugonu.
     4 | D        | Found a bloodstained altar of Trog.
     5 | D        | Found a sacrificial altar of Ru.
     5 | D        | Found a stormy altar of Qazlal.
     6 | D        | Found a basalt altar of Yredelemnul.
     6 | D        | Found a burning altar of Makhleb.
     7 | D        | Found Pem Somp's Bee Food.
     7 | D        | Found an iron altar of Okawaru.
     7 | D        | Found a glowing golden altar of the Shining One.
     7 | D        | Found Nouh's Identification Station.
     8 | D        | Found Celavas's Jewellery.
     8 | D        | Found Ryemir's Advanced Armour.
     9 | D        | Round 1.
    17 | D        | Bought a pitted platinum ring for 45 gold pieces
    17 | D        | Bought a shimmering golden ring for 45 gold pieces
    17 | D        | Bought an ancient pewter amulet for 45 gold pieces
    17 | D        | Identified the amulet "Semokku" {Harm *Drain MP+9 Int+3 Stlth+} (You bought it in a shop in the Dungeon)
    18 | D        | Identified the ring of Sarusa {SInv Stlth+} (You bought it in a shop in the Dungeon)
    19 | D        | Identified the ring "Ynibiur" {rPois rC+} (You bought it in a shop in the Dungeon)
    23 | D        | Found a snail-covered altar of Cheibriados.
    28 | D        | Bought a translucent marble ring for 45 gold pieces
    29 | D        | Identified the ring "Zidinaip" {rElec MP-9 Int+2 Dex+6 Stlth-} (You bought it in a shop in the Dungeon)
    36 | D        | Found a deep blue altar of Sif Muna.
    37 | D        | Found an opulent altar of Gozag.
    38 | D        | Found Bewed's Premium Goods.
    42 | D        | Found a shadowy altar of Dithmenos.
    42 | D        | Found a glowing silver altar of Zin.
    42 | D        | Found Puozxy's Weapon Rack.
    42 | D        | Found Xirhad's Miscellaneous Merchandise.
    42 | D        | Found Rep Were's Basic Armour.
    46 | D        | Found a shimmering altar of Xom.
    47 | D        | Found an ancient bone altar of Kikubaaqudgha.
    51 | D        | Became a worshipper of Dithmenos the Shadowed
    74 | D        | Found a radiant altar of Vehumet.
    95 | D        | Slain by an adder

Vault maps used:
D:        arena_sprint

Action                   || total
-------------------------++-------
Melee: Dagger            ||    18
 Cast: Corona            ||     1
  Use: Potion            ||     2
Dodge: Dodged            ||    20
